[ AOE2 MATCH · #505869389 ]
UnrankedMalay vs Vikings
Player's team · LOSS
Rival team · WIN
[ REPLAY ANALYSIS · EXTRACTED FROM THE RECORDED GAME ]
Feudal
11:23
Castle
28:19
Imperial
—
| APM avg | 67.3 |
| APM peak | 111 |
| eAPM avg | 25.0 |
| Villagers / military | 82 / 78 |
Focus
⚔️ 29.8% · 🌾 70.2%
Archer ×38 · Skirmisher ×27 · Battle Elephant ×10 · Militia ×3
Feudal
10:55
Castle
20:31
Imperial
39:36
| APM avg | 87.2 |
| APM peak | 140 |
| eAPM avg | 24.1 |
| Villagers / military | 123 / 61 |
Focus
⚔️ 39.9% · 🌾 60.1%
Archer ×49 · Mangonel ×5 · Monk ×4 · Militia ×2 · Spearman ×1
Match map
Initial resources + every placement click. Lines = walls · curves = elevation contours. ◆ gold · ⬟ stone · ● berries · ✦ relic · ◌ wall gap
Your base· Open — unwalled flank
Black Lotus's base· Open — unwalled flank
Smoothed initial terrain · ◌ = detected wall gap · hover for details
Inputs per minute
— uel - - Black Lotus
Build order — uel
First 150 of 281 actions detected
| 0:01 | Queue | Villager (Male) |
| 0:02 | Queue | Villager (Male) |
| 0:02 | Queue | Villager (Male) |
| 0:02 | Build | House |
| 0:05 | Build | House |
| 0:10 | Queue | Villager (Male) |
| 0:10 | Queue | Villager (Male) |
| 1:29 | Queue | Villager (Male) |
| 1:29 | Queue | Villager (Male) |
| 1:50 | Queue | Villager (Male) |
| 1:50 | Queue | Villager (Male) |
| 1:51 | Build | Lumber Camp |
| 2:16 | Queue | Villager (Male) |
| 2:29 | Queue | Villager (Male) |
| 3:02 | Queue | Villager (Male) |
| 3:03 | Queue | Villager (Male) |
| 3:32 | Queue | Villager (Male) |
| 3:52 | Build | House |
| 3:53 | Build | House |
| 4:04 | Queue | Villager (Male) |
| 4:26 | Queue | Villager (Male) |
| 4:31 | Build | Mill |
| 4:39 | Queue | Villager (Male) |
| 4:41 | Build | Palisade Wall |
| 4:50 | Build | Palisade Wall |
| 4:52 | Build | Palisade Wall |
| 4:55 | Build | Palisade Wall |
| 4:55 | Build | Palisade Wall |
| 4:58 | Build | Palisade Wall |
| 5:00 | Build | Palisade Wall |
| 5:10 | Queue | Villager (Male) |
| 5:16 | Build | Palisade Wall |
| 5:22 | Build | Palisade Wall |
| 5:33 | Queue | Villager (Male) |
| 6:04 | Build | House |
| 6:08 | Queue | Villager (Male) |
| 6:14 | Queue | Villager (Male) |
| 6:19 | Build | Palisade Wall |
| 6:42 | Queue | Villager (Male) |
| 7:28 | Build | Palisade Wall |
| 7:29 | Build | Palisade Wall |
| 7:40 | Queue | Villager (Male) |
| 7:40 | Research | Loom |
| 7:45 | Build | Mining Camp |
| 8:06 | Build | Palisade Wall |
| 8:09 | Build | Palisade Wall |
| 8:39 | Queue | Villager (Male) |
| 9:04 | Build | Palisade Wall |
| 9:04 | Build | Palisade Wall |
| 9:20 | Build | Palisade Wall |
| 9:21 | Build | Palisade Wall |
| 9:27 | Build | Palisade Wall |
| 9:33 | Build | Palisade Wall |
| 9:34 | Build | Palisade Wall |
| 9:38 | Build | Barracks |
| 10:05 | Research | Feudal Age |
| 10:14 | Queue | Militia |
| 10:16 | Queue | Militia |
| 10:37 | Queue | Militia |
| 10:40 | Build | House |
| 10:53 | Build | Farm |
| 11:20 | Build | House |
| 11:23 | Build | Palisade Wall |
| 11:23 | Age | Feudal Age |
| 11:25 | Build | Archery Range |
| 11:26 | Research | Man-at-Arms (upgrade) |
| 11:26 | Research | Man-at-Arms (upgrade) |
| 11:37 | Queue | Villager (Male) |
| 12:01 | Queue | Villager (Male) |
| 12:14 | Queue | Archer |
| 12:14 | Queue | Archer |
| 12:18 | Build | Farm |
| 12:18 | Build | Farm |
| 12:18 | Build | Farm |
| 12:30 | Queue | Villager (Male) |
| 12:38 | Queue | Villager (Male) |
| 12:44 | Build | Lumber Camp |
| 12:49 | Queue | Archer |
| 12:53 | Queue | Villager (Male) |
| 12:54 | Build | Farm |
| 13:06 | Queue | Skirmisher |
| 13:17 | Build | House |
| 13:20 | Build | House |
| 13:23 | Queue | Skirmisher |
| 13:51 | Research | Double-Bit Axe |
| 14:12 | Queue | Skirmisher |
| 14:37 | Build | Blacksmith |
| 14:42 | Queue | Archer |
| 15:02 | Queue | Villager (Male) |
| 15:05 | Build | Farm |
| 15:06 | Build | Farm |
| 15:07 | Queue | Villager (Male) |
| 15:13 | Queue | Skirmisher |
| 15:17 | Research | Fletching |
| 15:17 | Research | Fletching |
| 15:33 | Queue | Archer |
| 15:35 | Queue | Villager (Male) |
| 15:36 | Build | Watch Tower |
| 15:46 | Queue | Skirmisher |
| 16:22 | Queue | Villager (Male) |
| 16:23 | Build | Archery Range |
| 16:24 | Queue | Skirmisher |
| 16:39 | Queue | Villager (Male) |
| 16:41 | Build | Farm |
| 16:42 | Build | Farm |
| 16:50 | Queue | Villager (Male) |
| 16:53 | Build | Mining Camp |
| 17:01 | Queue | Archer |
| 17:12 | Queue | Villager (Male) |
| 17:16 | Build | House |
| 17:23 | Build | House |
| 17:33 | Queue | Villager (Male) |
| 17:37 | Build | House |
| 17:37 | Build | House |
| 17:41 | Queue | Archer |
| 17:44 | Queue | Villager (Male) |
| 17:46 | Build | Farm |
| 18:05 | Queue | Skirmisher |
| 18:08 | Queue | Villager (Male) |
| 18:17 | Queue | Skirmisher |
| 18:20 | Build | Farm |
| 18:39 | Queue | Villager (Male) |
| 18:41 | Build | Farm |
| 18:44 | Research | Horse Collar |
| 18:52 | Queue | Archer |
| 19:00 | Queue | Archer |
| 19:00 | Queue | Archer |
| 19:14 | Queue | Villager (Male) |
| 19:19 | Queue | Skirmisher |
| 19:35 | Queue | Villager (Male) |
| 19:36 | Build | House |
| 19:54 | Build | Watch Tower |
| 20:03 | Queue | Archer |
| 20:14 | Build | Watch Tower |
| 20:15 | Queue | Archer |
| 20:17 | Queue | Villager (Male) |
| 20:18 | Queue | Villager (Male) |
| 20:21 | Queue | Villager (Male) |
| 20:29 | Queue | Archer |
| 20:37 | Build | Watch Tower |
| 20:44 | Build | House |
| 21:08 | Queue | Villager (Male) |
| 21:17 | Queue | Skirmisher |
| 21:18 | Queue | Skirmisher |
| 21:18 | Queue | Skirmisher |
| 21:20 | Queue | Villager (Male) |
| 21:27 | Queue | Skirmisher |
| 21:35 | Queue | Skirmisher |
| 22:03 | Queue | Skirmisher |
| 22:04 | Queue | Skirmisher |
Build order — Black Lotus
First 150 of 319 actions detected
| 0:00 | Queue | Villager (Male) |
| 0:00 | Queue | Villager (Male) |
| 0:00 | Queue | Villager (Male) |
| 0:01 | Queue | Villager (Male) |
| 0:01 | Queue | Villager (Male) |
| 0:02 | Build | House |
| 0:03 | Build | House |
| 1:30 | Queue | Villager (Male) |
| 1:58 | Queue | Villager (Male) |
| 2:14 | Queue | Villager (Male) |
| 2:40 | Build | Barracks |
| 2:43 | Queue | Villager (Male) |
| 2:57 | Queue | Villager (Male) |
| 3:06 | Build | House |
| 3:15 | Queue | Villager (Male) |
| 3:37 | Research | Loom |
| 3:37 | Queue | Villager (Male) |
| 3:45 | Queue | Militia |
| 4:03 | Queue | Villager (Male) |
| 4:06 | Build | House |
| 4:16 | Queue | Militia |
| 4:51 | Queue | Villager (Male) |
| 5:07 | Queue | Villager (Male) |
| 5:32 | Queue | Villager (Male) |
| 5:54 | Queue | Villager (Male) |
| 6:12 | Queue | Villager (Male) |
| 6:22 | Queue | Villager (Male) |
| 6:28 | Build | Lumber Camp |
| 7:01 | Queue | Villager (Male) |
| 7:10 | Build | House |
| 7:10 | Build | Palisade Wall |
| 7:38 | Queue | Villager (Male) |
| 7:52 | Queue | Villager (Male) |
| 8:22 | Queue | Villager (Male) |
| 8:41 | Research | Feudal Age |
| 8:42 | Research | Feudal Age |
| 8:44 | Build | Mining Camp |
| 8:52 | Queue | Villager (Male) |
| 9:13 | Queue | Villager (Male) |
| 9:22 | Queue | Villager (Male) |
| 9:48 | Build | Mill |
| 10:13 | Queue | Villager (Male) |
| 10:53 | Queue | Villager (Male) |
| 10:55 | Age | Feudal Age |
| 11:02 | Build | Archery Range |
| 11:05 | Research | Double-Bit Axe |
| 11:10 | Queue | Spearman |
| 11:14 | Build | House |
| 11:23 | Build | Farm |
| 11:34 | Queue | Archer |
| 11:47 | Build | Farm |
| 11:54 | Build | House |
| 12:11 | Queue | Archer |
| 12:14 | Queue | Villager (Male) |
| 12:27 | Queue | Villager (Male) |
| 12:31 | Build | House |
| 12:32 | Build | Palisade Wall |
| 12:33 | Build | Palisade Wall |
| 12:38 | Build | Farm |
| 12:45 | Build | Palisade Wall |
| 12:47 | Build | Palisade Wall |
| 12:54 | Build | Palisade Wall |
| 13:04 | Queue | Archer |
| 13:09 | Queue | Villager (Male) |
| 13:11 | Build | Farm |
| 13:12 | Build | Farm |
| 13:13 | Queue | Villager (Male) |
| 13:17 | Build | Farm |
| 13:21 | Queue | Archer |
| 13:23 | Build | Palisade Wall |
| 13:24 | Build | Palisade Wall |
| 13:24 | Build | Palisade Wall |
| 13:25 | Build | Palisade Wall |
| 13:25 | Build | Palisade Wall |
| 13:26 | Build | Palisade Wall |
| 13:28 | Queue | Villager (Male) |
| 13:31 | Build | House |
| 13:35 | Queue | Villager (Male) |
| 13:46 | Build | Palisade Wall |
| 13:47 | Build | Palisade Wall |
| 13:49 | Build | Palisade Wall |
| 13:58 | Build | Palisade Wall |
| 13:58 | Queue | Villager (Male) |
| 14:16 | Queue | Villager (Male) |
| 14:18 | Build | Farm |
| 14:20 | Queue | Villager (Male) |
| 14:22 | Build | Blacksmith |
| 14:28 | Queue | Villager (Male) |
| 14:29 | Build | Farm |
| 14:46 | Build | Farm |
| 14:51 | Queue | Archer |
| 14:56 | Queue | Villager (Male) |
| 15:03 | Build | Palisade Wall |
| 15:14 | Research | Fletching |
| 15:22 | Build | Farm |
| 15:24 | Queue | Villager (Male) |
| 15:26 | Build | Palisade Wall |
| 15:31 | Queue | Archer |
| 15:37 | Build | Farm |
| 16:08 | Build | Palisade Wall |
| 16:10 | Build | Palisade Wall |
| 16:13 | Build | Palisade Wall |
| 16:19 | Queue | Villager (Male) |
| 16:26 | Queue | Villager (Male) |
| 16:28 | Queue | Villager (Male) |
| 16:28 | Queue | Villager (Male) |
| 16:30 | Queue | Villager (Male) |
| 16:30 | Queue | Villager (Male) |
| 16:46 | Queue | Villager (Male) |
| 16:54 | Queue | Archer |
| 17:00 | Queue | Villager (Male) |
| 17:04 | Build | Palisade Wall |
| 17:05 | Build | Palisade Wall |
| 17:09 | Queue | Villager (Male) |
| 17:11 | Queue | Villager (Male) |
| 17:19 | Queue | Archer |
| 17:23 | Build | Palisade Wall |
| 17:51 | Research | Castle Age |
| 17:52 | Research | Castle Age |
| 17:53 | Queue | Archer |
| 17:55 | Build | Archery Range |
| 17:59 | Build | House |
| 18:00 | Build | Palisade Wall |
| 18:03 | Queue | Archer |
| 18:24 | Research | Horse Collar |
| 18:26 | Build | Farm |
| 18:26 | Queue | Villager (Male) |
| 18:28 | Build | Farm |
| 18:37 | Queue | Archer |
| 18:37 | Queue | Archer |
| 18:47 | Queue | Villager (Male) |
| 19:09 | Queue | Villager (Male) |
| 19:30 | Queue | Archer |
| 19:30 | Queue | Archer |
| 19:38 | Queue | Villager (Male) |
| 19:44 | Build | Watch Tower |
| 19:52 | Build | Farm |
| 20:22 | Queue | Archer |
| 20:27 | Build | Palisade Wall |
| 20:31 | Age | Castle Age |
| 20:33 | Research | Bodkin Arrow |
| 20:34 | Research | Crossbowman (upgrade) |
| 20:37 | Queue | Villager (Male) |
| 20:39 | Build | University |
| 20:47 | Queue | Villager (Male) |
| 20:49 | Build | Siege Workshop |
| 21:01 | Build | House |
| 21:34 | Queue | Villager (Male) |
| 21:34 | Queue | Villager (Male) |
| 21:35 | Queue | Mangonel |
Match timeline
| 2:40 | Black Lotus · first_building Barracks |
| 4:41 | uel · wall_segment Palisade Wall x2 |
| 4:50 | uel · wall_segment Palisade Wall x1 |
| 4:52 | uel · wall_segment Palisade Wall x1 |
| 4:55 | uel · wall_segment Palisade Wall x1 |
| 4:55 | uel · wall_segment Palisade Wall x1 |
| 4:58 | uel · wall_segment Palisade Wall x1 |
| 5:00 | uel · wall_segment Palisade Wall x1 |
| 5:16 | uel · wall_segment Palisade Wall x5 |
| 5:22 | uel · wall_segment Palisade Wall x10 |
| 6:19 | uel · wall_segment Palisade Wall x1 |
| 7:10 | Black Lotus · wall_segment Palisade Wall x4 |
| 7:28 | uel · wall_segment Palisade Wall x1 |
| 7:29 | uel · wall_segment Palisade Wall x1 |
| 8:06 | uel · wall_segment Palisade Wall x1 |
| 8:09 | uel · wall_segment Palisade Wall x1 |
| 9:04 | uel · wall_segment Palisade Wall x3 |
| 9:04 | uel · wall_segment Palisade Wall x1 |
| 9:20 | uel · wall_segment Palisade Wall x1 |
| 9:21 | uel · wall_segment Palisade Wall x1 |
| 9:27 | uel · wall_segment Palisade Wall x1 |
| 9:33 | uel · wall_segment Palisade Wall x1 |
| 9:34 | uel · wall_segment Palisade Wall x1 |
| 9:38 | uel · first_building Barracks |
| 10:55 | Black Lotus · age_up feudal |
| 11:02 | Black Lotus · first_building Archery Range |
| 11:23 | uel · age_up feudal |
| 11:23 | uel · wall_segment Palisade Wall x1 |
| 11:25 | uel · first_building Archery Range |
| 12:32 | Black Lotus · wall_segment Palisade Wall x4 |
| 12:33 | Black Lotus · wall_segment Palisade Wall x2 |
| 12:45 | Black Lotus · wall_segment Palisade Wall x1 |
| 12:47 | Black Lotus · wall_segment Palisade Wall x4 |
| 12:54 | Black Lotus · wall_segment Palisade Wall x13 |
| 13:23 | Black Lotus · wall_segment Palisade Wall x1 |
| 13:24 | Black Lotus · wall_segment Palisade Wall x1 |
| 13:24 | Black Lotus · wall_segment Palisade Wall x1 |
| 13:25 | Black Lotus · wall_segment Palisade Wall x1 |
| 13:25 | Black Lotus · wall_segment Palisade Wall x1 |
| 13:26 | Black Lotus · wall_segment Palisade Wall x1 |
| 13:46 | Black Lotus · wall_segment Palisade Wall x1 |
| 13:47 | Black Lotus · wall_segment Palisade Wall x1 |
| 13:49 | Black Lotus · wall_segment Palisade Wall x6 |
| 13:58 | Black Lotus · wall_segment Palisade Wall x1 |
| 15:03 | Black Lotus · wall_segment Palisade Wall x3 |
| 15:26 | Black Lotus · wall_segment Palisade Wall x3 |
| 16:08 | Black Lotus · wall_segment Palisade Wall x1 |
| 16:10 | Black Lotus · wall_segment Palisade Wall x1 |
| 16:13 | Black Lotus · wall_segment Palisade Wall x1 |
| 17:04 | Black Lotus · wall_segment Palisade Wall x5 |
| 17:05 | Black Lotus · wall_segment Palisade Wall x8 |
| 17:23 | Black Lotus · wall_segment Palisade Wall x1 |
| 18:00 | Black Lotus · wall_segment Palisade Wall x5 |
| 20:27 | Black Lotus · wall_segment Palisade Wall x5 |
| 20:31 | Black Lotus · age_up castle |
| 20:49 | Black Lotus · first_building Siege Workshop |
| 26:03 | uel · first_market_buy 100 food |
| 26:06 | uel · first_market_sell 100 stone |
| 26:48 | Black Lotus · first_market_sell 100 food |
| 28:19 | uel · age_up castle |
| 30:35 | uel · first_building Stable |
| 31:30 | Black Lotus · first_building Monastery |
| 33:40 | uel · first_building Siege Workshop |
| 34:18 | Black Lotus · first_building Castle |
| 36:24 | Black Lotus · first_market_buy 100 food |
| 36:52 | uel · wall_segment Palisade Wall x6 |
| 36:54 | uel · wall_segment Palisade Wall x1 |
| 39:36 | Black Lotus · age_up imperial |
| 40:15 | uel · resign |
[ AI ANALYSIS · 1 CREDIT ]
What really happened in this match?
Wolo.gg analyzes every decision: build order, eco, micro, common mistakes by bracket. Personalized analysis on WhatsApp or Discord in 30 seconds.
Civ guide
Malay
Perfil
uel